 Dungeon Sprint DCSS version 0.21-a0-278-ga722497 (webtiles) character file.

847 potatolord6000 the Cleaver (level 8, -6/79 HPs)
             Began as a Hill Orc Fighter on Sept 21, 2017.
             Was a High Priest of Beogh.
             Mangled by a wight
             ... wielding a +0 halberd
              (8 damage)
             ... in the Dungeon (Sprint VII: "The Pits").
             The game lasted 00:01:46 (726 turns).

potatolord6000 the Cleaver (Hill Orc Fighter)        Turns: 726, Time: 00:01:47

Health: -6/79      AC: 14    Str: 21    XL:     8   Next: 1%
Magic:  15/15      EV:  6    Int:  8    God:    Beogh [*****.]
Gold:   0          SH: 11    Dex: 10    Spells: 7/7 levels left

rFire    . . .     SeeInvis .   a - +0 war axe
rCold    . . .     Gourm    .   c - +0 shield
rNeg     . . .     Faith    .   r - +3 chain mail
rPois    .         Spirit   .   (no helmet)
rElec    .         Reflect  .   (no cloak)
rCorr    .         Harm     .   (no gloves)
MR       .....     NoTele   +   (no boots)
Stlth    ..........             (no amulet)
HPRegen  0.23/turn              (no ring)
MPRegen  0.14/turn              (no ring)

@: drained
A: walk on water
a: Smiting, Recall Orcish Followers, Give Item to Named Follower, Renounce
Religion


You were in the Dungeon.
You worshipped Beogh.
Beogh was extremely pleased with you.
You were completely stuffed.

You visited 1 branch

Inventory:

Hand Weapons
 a - a +0 war axe (weapon)
Armour
 c - a +0 shield (worn)
 r - a +3 chain mail (worn)
Scrolls
 k - a scroll of blinking
 m - 3 scrolls of remove curse
 n - 5 scrolls of amnesia
 o - a scroll of summoning
Potions
 e - 3 potions of curing
 g - 6 potions of heal wounds
 i - 4 potions of magic
 j - 3 potions of berserk rage
 l - 2 potions of invisibility
Comestibles
 f - 8 bread rations
 p - 40 fruits
 q - 3 meat rations


   Skills:
 + Level 9.8(9.1) Fighting
 + Level 10.3(9.6) Axes
 + Level 9.0(8.4) Armour
 + Level 9.1(8.5) Shields
 + Level 9.5(8.8) Invocations


You had 7 spell levels left.
You didn't know any spells.

Dungeon Overview and Level Annotations

Branches:
Dungeon (1/1)

Altars:
Ashenzari
Cheibriados
Dithmenos
Elyvilon
Fedhas
Gozag
Hepliaklqana
Kikubaaqudgha
Makhleb
Nemelex Xobeh
Okawaru
Qazlal
Ru
Sif Muna
Trog
Uskayaw
Vehumet
Wu Jian
Xom
Yredelemnul
Zin
The Shining One
Beogh
Jiyva
Lugonu


Message History

The ogre hits you with a giant spiked club!
Unknown command.
You slash the ogre!
The ogre is severely wounded.
The wight hits you from afar with a halberd!
* * * LOW HITPOINT WARNING * * *
You feel drained.
* * * LOW HITPOINT WARNING * * *
Unknown command.
You slash the ogre!
The ogre is almost dead.
The ogre hits you with a giant spiked club!
* * * LOW HITPOINT WARNING * * *
The wight hits you but does no damage.
Unknown command.
You hit the ogre but do no damage.
The ogre is almost dead.
You block the ogre's attack.
The wight hits you from afar with a halberd!
You die...

#)#####'#####...<...#
#.#...)))[.##.......#
#.#...)))[.##.......#
#'###########.......#
#.......#.. #########
#...#...#.#
#...#...#z#
#.##.##.#O#
#...#...#@+
#...#...#'#
#.......'.#
###########


You could see an ogre and a wight.

Vanquished Creatures
  A demonic crawler (D)
  2 hungry ghosts (D)
  A phantom (D)
  A gnoll sergeant (D)
  2 wights (D)
  A jelly (D)
  A worker ant (D)
  5 gnolls (D)
  2 river rats (D)
  An ooze (D)
  A worm (D)
  A bat skeleton (D)
  A hobgoblin (D)
  2 kobolds (D)
  A giant cockroach zombie (D)
  A rat (D)
24 creatures vanquished.

Notes
Turn   | Place    | Note
-------+----------+-------------------------------------------
     0 | D        | potatolord6000 the Hill Orc Fighter began the quest for the Orb.
     0 | D        | Reached XP level 1. HP: 19/19 MP: 1/1
    19 | D        | Reached skill level 3 in Axes
    19 | D        | Reached XP level 2. HP: 11/27 MP: 2/2
    47 | D        | Found a bloodstained altar of Trog.
    47 | D        | Found a deep blue altar of Sif Muna.
    47 | D        | Found a viscous altar of Jiyva.
    47 | D        | Found a hazy altar of Hepliaklqana.
    47 | D        | Found an opulent altar of Gozag.
    48 | D        | Found a glowing golden altar of the Shining One.
    48 | D        | Found a glowing silver altar of Zin.
    48 | D        | Found a basalt altar of Yredelemnul.
    48 | D        | Found a shimmering altar of Xom.
    48 | D        | Found an ornate altar of the Wu Jian Council.
    48 | D        | Found a sacrificial altar of Ru.
    48 | D        | Found a stormy altar of Qazlal.
    48 | D        | Found an iron altar of Okawaru.
    48 | D        | Found a sparkling altar of Nemelex Xobeh.
    48 | D        | Found a burning altar of Makhleb.
    48 | D        | Found a blossoming altar of Fedhas.
    48 | D        | Found a white marble altar of Elyvilon.
    48 | D        | Found a shadowy altar of Dithmenos.
    48 | D        | Found a snail-covered altar of Cheibriados.
    50 | D        | Found a radiant altar of Vehumet.
    50 | D        | Found a corrupted altar of Lugonu.
    50 | D        | Found a roughly hewn altar of Beogh.
    52 | D        | Found an ancient bone altar of Kikubaaqudgha.
    52 | D        | Found a hide-covered altar of Uskayaw.
    52 | D        | Found a shattered altar of Ashenzari.
    60 | D        | Became a worshipper of Beogh the Brigand
   190 | D        | Reached skill level 4 in Axes
   190 | D        | Reached skill level 1 in Invocations
   198 | D        | Reached XP level 3. HP: 34/34 MP: 2/4
   202 | D        | Reached * piety under Beogh
   241 | D        | Reached ** piety under Beogh
   241 | D        | Reached skill level 5 in Fighting
   249 | D        | Reached skill level 5 in Axes
   330 | D        | Reached *** piety under Beogh
   330 | D        | Reached skill level 5 in Armour
   330 | D        | Reached skill level 5 in Shields
   330 | D        | Reached XP level 4. HP: 42/42 MP: 6/6
   337 | D        | Noticed a gnoll sergeant
   337 | D        | Noticed a phantom
   337 | D        | Noticed a hungry ghost
   372 | D        | Killed a hungry ghost
   372 | D        | Reached **** piety under Beogh
   372 | D        | Reached skill level 7 in Axes
   372 | D        | Reached XP level 5. HP: 50/52 MP: 7/9
   372 | D        | Reached XP level 6. HP: 58/60 MP: 7/10
   375 | D        | Reached skill level 8 in Axes
   381 | D        | Reached ***** piety under Beogh
   397 | D        | Killed a phantom
   455 | D        | Noticed a hungry ghost
   471 | D        | Killed a hungry ghost
   471 | D        | Reached skill level 9 in Axes
   471 | D        | Reached XP level 7. HP: 68/70 MP: 11/13
   479 | D        | Noticed a demonic crawler
   486 | D        | Killed a demonic crawler
   486 | D        | Reached skill level 10 in Axes
   720 | D        | Reached XP level 8. HP: 78/79 MP: 15/15
   725 | D        | HP: 2/79 [ogre/giant spiked club (13)]
   726 | D        | Mangled by a wight

Vault maps used:
D:        pitsprint

Skill      XL: |  1  2  3  4  5  6  7 |
---------------+----------------------+-----
Fighting       | 4 5 7 9 |  9.8
Axes           | 3 4 5 7 9 10 | 10.3
Armour         | 4 5 6 8 9 |  9.0
Shields        | 4 5 6 8 9 |  9.1
Invocations    | 1 3 6 8 9 |  9.5

Action                   |  1- 3 |  4- 6 |  7- 9 || total
-------------------------+-------+-------+-------++-------
Melee: War axe           |    39 |    55 |    24 ||   118
Invok: Smiting           |       |       |     2 ||     2
  Use: Potion            |       |     5 |       ||     5
  Eat: Meat ration       |       |     2 |     2 ||     4
Armor: Scale mail        |    13 |       |       ||    13
       Chain mail        |       |    20 |     7 ||    27
Dodge: Dodged            |     7 |     3 |     3 ||    13
Block: Shield            |    13 |    22 |    13 ||    48

Table legend:
 A = Spawn XP
 B = Non-spawn XP
 C = Spawn XP percentage of total XP
 D = Spawn monster count
 E = Non-spawn monster count
 F = Spawn count percentage of total count
 G = Total turns spent on level
                    A         B        C        D         E        F      G
               +---------+---------+-------+---------+---------+-------+---------
         Total |       0 |    1211 |   0.0 |       0 |      24 |   0.0 |   726
               +---------+---------+-------+---------+---------+-------+---------
             D |       0 |    1211 |   0.0 |       0 |      24 |   0.0 |   726
               +---------+---------+-------+---------+---------+-------+---------
